 Dungeon Crawl Stone Soup version 0.30-a0-1053-gbd8d5ba0ad (webtiles) character file.

Game seed: 6529527987819170449

47 cheesebisquit the Firebug (level 3, 0/26 HPs)
             Began as a Draconian Fire Elementalist on Apr 11, 2023.
             Killed from afar by Sigmund (12 damage)
             ... with a puff of flame
             ... on level 2 of the Dungeon.
             The game lasted 00:04:25 (1328 turns).

cheesebisquit the Firebug (DrFE)                    Turns: 1328, Time: 00:04:26

Health: 0/26       AC:  5    Str: 10    XL:     3   Next: 48%
Magic:  1/6        EV: 12    Int: 17    God:
Gold:   17         SH:  0    Dex: 11    Spells: 6/7 levels left

rFire   . . .      SeeInvis .    i - +2 dagger (protect)
rCold   . . .      Faith    .    (no shield)
rNeg    . . .      Spirit   .    (body armour unavailable)
rPois   .          Reflect  .    (helmet restricted)
rElec   .          Rampage  .    (no cloak)
rCorr   .                        (no gloves)
Will    .....                    (no boots)
Stlth   +                        (no amulet)
HPRegen 0.24/turn                (no ring)
MPRegen 0.10/turn                (no ring)

@: confused
A: AC +5, unfitting armour, cold-blooded
a: no special abilities


You were on level 2 of the Dungeon.
You visited 1 branch of the dungeon, and saw 2 of its levels.

You collected 17 gold pieces.

Inventory:

Hand Weapons
 i - a +2 dagger of protection (weapon)
Missiles
 c - 6 poisoned darts
 n - a throwing net
Scrolls
 b - a scroll of teleportation {unknown}
 d - a scroll of noise {unknown}
 f - a scroll of blinking {unknown}
 j - a scroll of identify {unknown}
 l - a scroll of fear {unknown}
 o - a scroll of immolation {unknown}
Potions
 a - a potion of magic
 e - a potion of heal wounds {unknown}
 g - a potion of curing {unknown}
 h - a potion of brilliance {unknown}
 k - 2 potions of attraction {unknown}
 m - a potion of haste {unknown}
 p - a potion of cancellation {unknown}


   Skills:
 - Level 1.7 Dodging
 - Level 1.7 Stealth
 + Level 2.6 Spellcasting
 - Level 1.0 Conjurations
 * Level 4.1 Fire Magic


You had 6 spell levels left.
You knew the following spells:

 Your Spells              Type           Power      Damage    Failure   Level
a - Foxfire               Conj/Fire      40%        2x1d6     6%          1

Your spell library contained the following spells:

 Spells                   Type           Power      Damage    Failure   Level
 Scorch                   Fire           32%        2d6       4%          2
 Inner Flame              Hex/Fire       9%         N/A       24%         3
 Volatile Blastmotes      Fire/Tloc      18%        2d11      24%         3
 Flame Wave               Conj/Fire      10%        2d6       54%         4


Dungeon Overview and Level Annotations

Branches:
Dungeon (2/15)

Altars:

Annotations:
D:2 Sigmund


Innate Abilities, Weirdness & Mutations

Your plain brown scales are hard. (AC +5)
You cannot fit into any form of body armour.
You are cold-blooded and may be slowed by cold attacks.


Message History

You kill the quokka!
You hit the jackal.
Your tail-slap misses the jackal.
The jackal is moderately wounded.
The jackal barely misses you. x2
You closely miss the jackal.
Your tail-slap misses the jackal.
The jackal is moderately wounded.
Something hits you but does no damage.
The jackal bites you but does no damage.
You conjure some foxfire!
The jackal closely misses you. Something hits you but does no damage.
You closely miss the jackal.
The jackal is moderately wounded.
The foxfire hits the jackal.
You kill the jackal!
The foxfire hits something.
Something hits you.
You hear some strange, mumbled words.
Something tries to affect you, but you resist.
Something hits you!
Things that are here:
a jackal corpse; a jackal corpse You barely miss something.
You hit something.
Your weapon exudes an aura of protection.
Your tail-slap misses something.
You hear some strange, mumbled words.
You are confused.
You barely miss something.
Sigmund appears from thin air!
Reactivating autopickup.
Sigmund misses you.
You miss Sigmund.
Your tail-slap misses Sigmund.
Sigmund is heavily wounded.
Sigmund completely misses you.
You are too injured to fight recklessly!
You're too confused to cast spells.
You're too confused to cast spells.
You bump into the rock wall.
Sigmund gestures at you while chanting. The puff of flame hits you!
You die...

#.......#.# #.......#
##.......#.###.#.##.##
#........+.#........#
#........###.......##
#...(.§<...(.......#
#.......).##).....##
....B.....#.......#
#..########.#####.#
#........@........# #
..#####†#########
###@# #..###...#
#...>†.###
#............#
#............#
#............#
#............#


You could see Sigmund.

Vanquished Creatures
  A dart slug (D:1)
  5 endoplasms
  4 giant cockroaches
  A goblin (D:1)
  3 hobgoblins (D:1)
  7 jackals
  3 kobolds
  3 quokkas
  4 ball pythons (D:1)
  2 bats (D:1)
  2 frilled lizards
  3 rats (D:1)
38 creatures vanquished.

Vanquished Creatures (others)
  79 foxfires
79 creatures vanquished.

Grand Total: 117 creatures vanquished

Notes
Turn   | Place    | Note
-------+----------+-------------------------------------------
     0 | D:1      | cheesebisquit the Draconian Fire Elementalist began the
                  | quest for the Orb.
     0 | D:1      | Reached XP level 1. HP: 14/14 MP: 3/3
   207 | D:1      | Reached XP level 2. HP: 20/20 MP: 1/5
   859 | D:1      | Reached XP level 3. HP: 9/26 MP: 0/6
  1158 | D:2      | Noticed Sigmund
  1161 | D:2      | Reached skill level 4 in Fire Magic
  1328 | D:2      | Killed from afar by Sigmund

Illustrated notes

Levels and vault maps discovered:
D:1:      dpeg_arrival_fog, layout_loops_cross, minmay_misc_feat_x
D:2:      layout_basic, basic_altar, uniq_terence, uniq_crazy_yiuf_cottage,
          uniq_sigmund

Skill      XL: |  1  2  3 |
---------------+----------+-----
Fire Magic     | 4 |  4.1
Dodging        | |  1.7
Stealth        | |  1.7
Spellcasting   | |  2.6
Conjurations   | |  1.0

Action                     || total
---------------------------++-------
  Melee: Unarmed           ||     9
         Dagger            ||    28
         Tailslap          ||     2
   Cast: Foxfire           ||    48
   Stab: Sleeping          ||     1
 Armour: Skin              ||    24
  Dodge: Dodged            ||    49

Table legend: (Time is in decaauts)
 A = Elapsed time spent in this place.
 B = Non-inter-level travel time spent in this place.
 C = Inter-level travel time spent in this place.
 D = Time resting spent in this place.
 E = Time spent auto-exploring this place.
 F = Levels seen in this place.
 G = Mean time per level.
                   A        B        C        D        E       F      G
               +--------+--------+--------+--------+--------+-----+--------+
         Total |   1331 |   1175 |    156 |      0 |    955 |   2 |  665.5 |
       Dungeon |   1331 |   1175 |    156 |      0 |    955 |   2 |  665.5 |
               +--------+--------+--------+--------+--------+-----+--------+

Top non-repeatable levels by time:
     D:1: 1196 daAuts
     D:2: 134 daAuts
